 Dungeon Crawl Stone Soup version 0.13.0-13-g27bfa31 (webtiles) character file.

548084 Leibowitz the Intangible (level 27, 0/165 (183) HPs)
             Began as a Kobold Berserker on Oct 18, 2013.
             Was a High Priest of Okawaru.
             Engulfed by a cloud of foul pestilence (6 damage)
             ... on Level 3 of the Crypt on Oct 19, 2013.
             The game lasted 06:39:00 (87469 turns).

Leibowitz the Intangible (Kobold Berserker)        Turns: 87469, Time: 06:39:00

HP   0/165 (183) AC 15     Str 23      XL: 27
MP  10/10        EV 48     Int  3      God: Okawaru [*****.]
Gold 9028        SH 21     Dex 24      Spells:  0 memorised, 26 levels left

Res.Fire  : . . .   See Invis. : .   a - +7,+6 quick blade (antimagic)
Res.Cold  : . . .   Warding    : .   R - +2 leather armour of Day {+Fly Dam+2}
Life Prot.: . . .   Conserve   : .   z - +2 elf buckler {AC+3}
Res.Poison: +       Res.Corr.  : .   (helmet restricted)
Res.Elec. : +       Clarity    : .   v - +2 cloak {MR+}
Sust.Abil.: . .     Spirit.Shd : .   (no gloves)
Res.Mut.  : .       Stasis     : .   P - +0 pair of boots
Res.Rott. : .       Flight     : .   X - amulet of the Air {Inacc +Fly rElec EV+5 RMsl}
Saprovore : + + .                    g - +0,+6 ring of slaying
                                     n - ring "Bicuth" {rPois Dex+1 Acc+4}

@: repel missiles, slowed, very slow, very resistant to hostile enchantments,
uncannily stealthy
A: disease resistance, horns 2, carnivore 3, mutation resistance 1, saprovore 2,
AC +2, EV +2, Str +2, Int -2
a: Heroism, Finesse, Renounce Religion, Evoke Flight
}: 3/15 runes: decaying, silver, gossamer


You were on level 3 of the Crypt.
You worshipped Okawaru.
Okawaru was extremely pleased with you.
You were not hungry.

You visited 12 branches of the dungeon, and saw 64 of its levels.
You also visited: Trove and Ice Cave.

You collected 9404 gold pieces.
You spent 396 gold pieces at shops.

Inventory:

Hand weapons
 a - a +7,+6 anti-magic quick blade (weapon)
 c - the cursed +9,+4 dagger of Trebunav {freeze, +Blink MR++ SInv}
   (Okawaru gifted it to you on level 4 of the Swamp)

   It has been specially enchanted to freeze those struck by it, causing extra
   injury to most foes and up to double damage against particularly susceptible
   opponents.
   It can also slow down cold-blooded creatures.
   It affects your resistance to hostile enchantments.
   It enhances your eyesight.
   It lets you blink.
   It has a curse placed upon it.
 i - the +3,+5 dagger of Giuniori {holy, Noisy rElec Str+1 SInv}
   (Trog gifted it to you on level 11 of the Dungeon)

   It has been blessed by the Shining One to cause great damage to the undead
   and demons.
   It affects your strength (+1).
   It insulates you from electricity.
   It enhances your eyesight.
   It makes noises.
 r - a +2,+2 quick blade of holy wrath
 C - the cursed +9,+8 sabre of Dishonour {venom, rElec rF+ rC+}
   (Okawaru gifted it to you on level 26 of the Dungeon)

   It poisons the flesh of those it strikes.
   It protects you from fire.
   It protects you from cold.
   It insulates you from electricity.
   It has a curse placed upon it.
 O - the cursed +6,+0 dagger "Demon's Death Toll" {freeze, +Rage +Inv +Fly rF+ MR+ Str+1 Int+2}
   (Okawaru gifted it to you on level 3 of the Vaults)

   It has been specially enchanted to freeze those struck by it, causing extra
   injury to most foes and up to double damage against particularly susceptible
   opponents.
   It can also slow down cold-blooded creatures.
   It affects your strength (+1).
   It affects your intelligence (+2).
   It protects you from fire.
   It affects your resistance to hostile enchantments.
   It lets you turn invisible.
   It lets you fly.
   It lets you go berserk.
   It has a curse placed upon it.
 S - a +0,+3 dagger of returning (quivered)
Armour
 v - a +2 cloak of magic resistance (worn)
 z - a +2 elven buckler of protection (worn)
 P - a +0 pair of boots (worn)
 R - the +2 leather armour of Day (worn) {+Fly Dam+2}
   (You found it on level 3 of the Lair of Beasts)

   It affects your damage-dealing abilities (+2).
   It lets you fly.
 U - the +0 robe of Magic {rPois rF+ rN+ Acc-1 Curse}
   (Okawaru gifted it to you on level 20 of the Dungeon)

   It affects your accuracy (-1).
   It protects you from fire.
   It protects you from poison.
   It protects you from negative energy.
   It may recurse itself.
Magical devices
 m - a wand of teleportation (4)
 p - a wand of invisibility (4)
 s - a wand of cold (4)
 t - a wand of hasting (5)
 y - a wand of paralysis (12)
 Q - a wand of disintegration (14)
Comestibles
 k - a royal jelly
 E - 7 meat rations
 F - 2 pieces of ambrosia
Scrolls
 q - 8 scrolls of magic mapping
 w - 5 scrolls of blinking
 x - 6 scrolls of fog
 A - 6 scrolls of fear
 H - 10 scrolls of identify
 I - 3 scrolls of summoning
 K - a scroll of recharging
 N - 11 scrolls of remove curse
 T - 2 scrolls of holy word
 Y - 14 scrolls of teleportation
Jewellery
 g - a +0,+6 ring of slaying (right hand)
 n - the ring "Bicuth" (left hand) {rPois Dex+1 Acc+4}
   (You bought it in a shop on level 21 of the Dungeon)

   [ring of poison resistance]

   It affects your dexterity (+1).
   It affects your accuracy (+4).
 u - a cursed amulet of faith
 B - the cursed ring of Kasaullo {rF+ SInv}
   (You acquired it on level 1 of the Vaults)

   [ring of see invisible]

   It protects you from fire.
   It has a curse placed upon it.
 D - the amulet "Aritwa" {rMut rElec rPois Int+2}
   (You found it in a treasure trove)

   [amulet of resist mutation]

   It affects your intelligence (+2).
   It insulates you from electricity.
   It protects you from poison.
 G - the cursed ring "Plail" {Str+2 Int+4 SInv}
   (You found it in a treasure trove)

   [ring of see invisible]

   It affects your strength (+2).
   It affects your intelligence (+4).
   It has a curse placed upon it.
 J - the cursed amulet of Existentialism {rCorr Dex+2 Int+3}
   (You found it in a treasure trove)

   [amulet of resist corrosion]

   It affects your intelligence (+3).
   It affects your dexterity (+2).
   It has a curse placed upon it.
 V - the brooch of Shielding {Ward AC+4 EV+4}
   (You found it in a treasure trove)

   [amulet of warding]

   It affects your AC (+4).
   It affects your evasion (+4).
 X - the amulet of the Air (around neck) {Inacc +Fly rElec EV+5 RMsl}
   (You found it on level 12 of the Dungeon)

   [amulet of inaccuracy]

   It affects your evasion (+5).
   It insulates you from electricity.
   It lets you fly.
   It protects you from missiles.
Potions
 b - 3 potions of agility
 d - 3 potions of flight
 f - 8 potions of restore abilities
 h - 4 potions of speed
 j - 8 potions of brilliance
 l - 7 potions of resistance
 o - 3 potions of magic
 L - 4 potions of might


   Skills:
 * Level 20.3 Fighting
 + Level 23.2 Short Blades
 + Level 5.4 Armour
 O Level 27 Dodging
 + Level 26.6 Stealth
 + Level 11.9 Shields
 - Level 2.3 Unarmed Combat
 + Level 4.2 Invocations
 + Level 4.5 Evocations


You had 26 spell levels left.
You didn't know any spells.

Dungeon Overview and Level Annotations

Branches:
Dungeon (27/27)            Temple (1/1) D:5             Orc (4/4) D:9
    Elf (3/3) Orc:4          Lair (8/8) D:9           Swamp (5/5) Lair:5
 Spider (5/5) Lair:4        Slime (0/6) Lair:8       Vaults (5/5) D:17
  Blade (1/1) Vaults:3      Crypt (3/5) Vaults:3       Tomb (1/3) Crypt:2
    Dis: Hell:1         Geh: Hell:1         Coc: Hell:1         Tar: Hell:1
    Zot: D:27

Altars:
Ashenzari
Cheibriados
Elyvilon
Fedhas
Kikubaaqudgha
Nemelex Xobeh
Okawaru
Sif Muna
Trog
Xom
Yredelemnul
Zin
Beogh
Jiyva

Shops:
D:20 (=[}   D:21 =   D:22 %   Orc:1 (=(   Vaults:2 }

Portals:
Hell: D:21 D:22 D:23 D:24 D:25 D:26
Abyss: D:22 D:23 D:25
Pandemonium: D:21 D:22 D:24 D:26

Annotations:
Elf:3 1 exclusion
Lair:4 exclusion: 5 oklob plants


Innate Abilities, Weirdness & Mutations

You recuperate from illness quickly.
You are small and have problems with some larger weapons.
You are carnivorous and can eat meat at any time.
You can eat rotten meat.
You have a pair of horns on your head.
You are surrounded by a mild repulsion field (EV +2).
You are partially covered in thin metallic scales (AC +2).
You are dopey. (Int -2)
You are somewhat resistant to further mutation.
Your muscles are strong. (Str +2)


Message History

You are engulfed in dark miasma.
You are more poisoned.
* * * LOW HITPOINT WARNING * * *
You feel sick.
You are engulfed in dark miasma.
* * * LOW HITPOINT WARNING * * *
You feel sick.
You are engulfed in dark miasma.
* * * LOW HITPOINT WARNING * * *
Drink which item? (? for menu, Esc to quit)
You feel better.
You are engulfed in dark miasma.
* * * LOW HITPOINT WARNING * * *
Drink which item? (? for menu, Esc to quit)
Okay, then.
You are engulfed in dark miasma.
* * * LOW HITPOINT WARNING * * *
You are engulfed in dark miasma.
* * * LOW HITPOINT WARNING * * *
You feel as though you will be slow longer.
You die...

#.# .## ..# #.# ..# ## ..#
####.##### .## ##.#..§.... ##
..##..?§§%## # ####.# #...§§%@#
###.#..###...§.##...#
........####.§## #### #.
###.?.##..###.#### #.## # #...#
#.....##..###.(.
#...####.....#..##... ### #
#.....##.............##..
###?.....#...........##..####..
......#..##>#.......#...........


There were no monsters in sight!

Vanquished Creatures
  An ancient lich (D:21)
  Saint Roka (Vaults:4)
  Boris (twice) (D:22 D:26)
  Sojobo (D:20)
  Margery (Vaults:4)
  Mennas (D:21)
  2 golden dragons (Vaults:5)
  Geryon (Hell)
  Frederick (Vaults:4)
  Nikola (D:15)
  3 tentacled monstrosities
  A deep elf blademaster (Elf:3)
  A quicksilver dragon (D:21)
  2 deep elf master archers (Elf:3)
  6 storm dragons
  8 tengu reavers
  A lich (D:25)
  Rupert (Vaults:1)
  Agnes (Vaults:3)
  The ghost of 4tharraofdagon the Severer, a mighty GrBe of Makhleb (Vaults:2)
  Frances (Spider:2)
  3 sphinxes
  Kirke (Swamp:4)
  8 shadow dragons
  2 revenants (Crypt:2)
  A ghoul (Crypt:3)
  13 vault wardens
  Wiglaf (D:17)
  5 fire giants
  3 ghost moths (Spider:5)
  2 iron dragons
  8 deep elf sorcerers
  Aizul (Spider:5)
  Louise (Swamp:3)
  8 frost giants
  A curse skull (Vaults:3)
  8 emperor scorpions
  A reaper (Hell)
  Jorgrun (Vaults:1)
  41 stone giants
  2 vampire knights
  9 deep elf annihilators
  8 deep elf demonologists
  A mottled draconian (D:27)
  2 eidola
  A lorocyproca (Elf:3)
  2 unborn (Crypt:3)
  7 deep elf death magi
  Snorg (Elf:3)
  A dragon (shapeshifter) (D:21)
  41 vault guards
  9 ettins
  A quicksilver dragon zombie (Crypt:1)
  35 yaktaur captains
  3 dragons
  12 jiangshi
  A great orb of eyes (shapeshifter) (Vaults:5)
  4 great orbs of eyes
  14 ironheart preservers
  Fannar (Swamp:1)
  6 deep elf high priests
  Harold (D:11)
  A hydra (shapeshifter) (D:14)
  27 hydras
  3 ice dragons
  A ravenous item mimic (Elf:3)
  21 dancing weapons
  Erica (D:13)
  A deep dwarf death knight (Crypt:3)
  2 spectral stone giants
  17 ogre magi
  3 death yaks (Lair:8)
  13 alligators
  4 plague shamblers
  5 vampire magi (Crypt:2)
  7 deep troll shamans
  6 deep troll earth magi
  30 centaur warriors
  A soul eater (Crypt:2)
  A sun demon (Elf:3)
  6 very ugly things
  Nergalle (Spider:1)
  3 orc high priests
  An iron golem (D:20)
  2 shadow wraiths
  27 skeletal warriors
  7 iron trolls
  18 deep elf knights
  4 hell knights (Vaults:4)
  4 flayed ghosts
  20 deep trolls
  A fire crab (D:19)
  2 ice devils
  A spectral hydra (Crypt:2)
  2 storm dragon skeletons
  2 unseen horrors
  3 spectral elves
  12 swamp dragons
  An ice statue (IceCv)
  21 orc knights
  5 harpies (D:23)
  A human (shapeshifter) (Vaults:5)
  5 lindwurms
  A shadow dragon zombie (Crypt:2)
  18 hill giants
  10 giant amoebae
  18 ironbrand convokers
  A hill giant (shapeshifter) (Vaults:2)
  2 giant orange brains
  2 flaming corpses (Crypt:2)
  A swamp dragon (shapeshifter) (Vaults:5)
  5 orc sorcerers
  Joseph (Orc:4)
  An oklob plant (Lair:2)
  6 necromancers
  10 phantasmal warriors
  15 deep elf conjurers
  11 crystal golems (D:26)
  31 wolf spiders
  An iron dragon zombie (Crypt:3)
  9 stone giant zombies
  14 red wasps
  2 sphinx skeletons
  A red wasp (shapeshifter) (Vaults:4)
  A shining eye (shapeshifter) (D:23)
  4 griffons
  2 frost giant zombies
  A wolf spider (shapeshifter) (Vaults:3)
  6 cyclopes
  A cyclops (shapeshifter) (Vaults:4)
  4 sixfirhies
  The ghost of Bloax the Skirmisher, an experienced GrBe of Trog (D:8)
  3 elephants (Lair:8)
  The ghost of Duskembrace the Slinger, an experienced HaHu of Okawaru (D:6)
  2 frost giant skeletons
  17 stone giant skeletons
  2 elves (shapeshifter)
  A guardian serpent (shapeshifter) (Elf:3)
  4 fire giant skeletons
  A spiny frog (shapeshifter) (Vaults:1)
  7 deep elf summoners
  12 vault sentinels
  A spiny worm (Vaults:3)
  A spectral iron troll (Crypt:2)
  Psyche (D:11)
  A dire elephant skeleton (Crypt:1)
  3 hellwings (Elf:3)
  A swamp worm zombie (Crypt:2)
  A mermaid (shapeshifter) (Vaults:3)
  55 yaktaurs
  2 redback zombies
  13 demonic crawlers
  2 iron troll zombies
  7 black mambas
  A blue devil (Elf:3)
  A guardian mummy (Crypt:2)
  A komodo dragon (shapeshifter) (D:16)
  14 jumping spiders
  A sea snake skeleton (Crypt:2)
  A giant firefly (Lair:8)
  3 giant fireflies (shapeshifter)
  A harpy zombie (D:18)
  A spriggan (shapeshifter) (Vaults:5)
  A yellow draconian skeleton (Crypt:1)
  2 silent spectres
  19 two-headed ogres
  11 giant leeches
  A spectral trapdoor spider (Crypt:2)
  A troll (shapeshifter) (D:17)
  14 deep elf priests
  15 polar bears (IceCv)
  Sonja (Spider:1)
  16 orb spiders
  2 hydra zombies
  8 komodo dragons
  A minotaur skeleton (Crypt:2)
  10 trolls
  20 spiny frogs
  A blink frog (shapeshifter) (D:22)
  8 boulder beetles
  A jumping spider zombie (Crypt:3)
  7 spriggans (Lair:8)
  18 baby alligators
  A dragon zombie (D:16)
  An ettin zombie (D:21)
  4 iron troll skeletons
  A tarantella zombie (Crypt:2)
  A harpy skeleton (Crypt:1)
  7 bog bodies
  53 slime creatures
  A raven (Swamp:2)
  2 basilisks
  10 grizzly bears
  An elf zombie (Crypt:1)
  26 redbacks
  A red wasp zombie (Crypt:1)
  An ice dragon skeleton (D:20)
  A fire giant simulacrum (Vaults:2)
  A stone giant simulacrum (Vaults:1)
  5 wraiths
  22 blink frogs
  2 tarantellas (shapeshifter)
  16 flying skulls
  19 tarantellas
  6 sharks
  13 trapdoor spiders
  31 deep elf magi
  115 ugly things
  7 ettin skeletons
  A wyvern (D:11)
  A yak (shapeshifter) (D:20)
  2 hill giant zombies (D:9)
  44 yaks
  5 shadows
  A ynoxinul (Elf:3)
  An octopode (shapeshifter) (Vaults:5)
  A spiny worm zombie (Vaults:1)
  6 water elementals (D:22)
  Eustachio (Orc:2)
  3 griffon skeletons
  4 vampires
  A clay golem (D:16)
  A golden eye (shapeshifter) (D:18)
  A steam dragon (D:8)
  Grum (D:8)
  2 elephant slugs (Lair:8)
  A giant firefly zombie (Crypt:2)
  2 hill giant skeletons (D:15)
  7 hippogriffs
  50 vampire mosquitoes
  30 deep elf fighters
  4 mottled dragons
  8 hungry ghosts
  A hippogriff (shapeshifter) (Vaults:3)
  A neqoxec (Elf:3)
  2 manticores (D:16)
  2 necrophages
  An agate snail zombie (Crypt:2)
  3 soldier ants
  2 deep troll zombies
  4 rock worms
  51 swamp worms
  An orange crystal statue (D:26)
  43 wolves
  10 freezing wraiths
  18 swamp drakes
  45 orc warriors
  11 black bears
  5 deep troll skeletons
  9 gargoyles (D:14)
  A kobold demonologist (D:19)
  6 porcupines
  5 sky beasts
  8 yellow wasps
  65 ogres
  A phantom (D:6)
  The ghost of inmateoo the Chopper, an average MiFi (D:3)
  7 giant goldfish
  5 tengu (D:16)
  A hog zombie (Crypt:1)
  39 centaurs
  A blink frog zombie (Crypt:2)
  A fire crab zombie (Crypt:3)
  A rotting devil (Elf:3)
  Sigmund (D:5)
  Duvessa (D:7)
  3 brain worms (Spider:5)
  2 yaktaur zombies
  14 water moccasins
  A wind drake simulacrum (Crypt:2)
  9 giant slugs
  15 giant frogs
  A lost soul (Crypt:3)
  9 big kobolds
  13 crocodiles
  A hill giant simulacrum (D:14)
  24 insubstantial wisps
  15 wargs
  A yaktaur skeleton (D:18)
  6 agate snails
  A spectral rock worm (Crypt:2)
  A manticore skeleton (D:14)
  A shark zombie (D:22)
  A troll zombie (Vaults:4)
  A boulder beetle zombie (Crypt:1)
  A grizzly bear zombie (Crypt:3)
  15 killer bees
  A hippogriff zombie (D:5)
  A pulsating lump (shapeshifter) (D:24)
  3 troll skeletons
  20 electric eels
  2 eyes of draining
  13 wights
  14 jellyfish
  8 goliath beetles
  10 crimson imps
  A grizzly bear skeleton (Crypt:2)
  Dowan (D:7)
  10 hounds
  11 worker ants
  33 spiders
  Crazy Yiuf (D:4)
  A quasit (Elf:3)
  23 orc priests
  2 big fish (Lair:7)
  7 iguanas
  2 iron imps (Elf:3)
  18 orc wizards
  4 jellies
  A black bear skeleton (D:5)
  4 orange rats
  A killer bee zombie (D:12)
  6 scorpions
  4 spectral orcs (Spider:1)
  18 sheep
  4 ogre zombies
  Ijyb (D:3)
  Jessica (D:3)
  9 boggarts
  A crocodile skeleton (Crypt:1)
  A deep dwarf skeleton (Crypt:2)
  A big kobold skeleton (D:12)
  A hound zombie (D:5)
  A hound skeleton (D:11)
  16 mummies
  32 green rats
  16 adders
  6 giant centipedes
  4 gnolls (D:10)
  8 giant mites
  15 white imps
  9 worms
  A halfling skeleton (Crypt:2)
  An iguana skeleton (Crypt:1)
  10 giant geckos
  174 orcs
  3 ball pythons
  31 bats
  A bat zombie (D:7)
  13 giant cockroaches
  21 goblins
  20 hobgoblins
  15 jackals
  2 oozes (D:7)
  9 quokkas
  4 giant newts
  A gnoll skeleton (Crypt:2)
  2 goblin zombies (D:9)
  A hobgoblin skeleton (D:9)
  2 hobgoblin zombies (D:9)
  A jackal skeleton (Crypt:1)
  29 kobolds
  5 orc skeletons (D:9)
  13 orc zombies
  A quokka skeleton (D:5)
  A quokka zombie (Crypt:1)
  28 rats
  A butterfly (D:7)
  A fungus (Elf:3)
  A plant (Lair:8)
2853 creatures vanquished.

Vanquished Creatures (collateral kills)
  Maud (Lair:4)
  A frost giant (IceCv)
  2 orc knights (Orc:4)
  6 elephants (Lair:6)
  A troll (D:9)
  2 polar bears (IceCv)
  2 blink frogs (Lair:8)
  A brown ooze (Lair:8)
  2 yaks (IceCv)
  4 wolves
  8 orc warriors
  A porcupine (Lair:4)
  A giant slug (Lair:8)
  A crimson imp (D:9)
  17 orc priests
  2 orc wizards
  2 ogre zombies
  22 orcs
  A goblin (Orc:2)
  A hobgoblin (D:9)
78 creatures vanquished.

Vanquished Creatures (others)
  A deep troll shaman (D:23)
  A yaktaur (D:23)
  A two-headed ogre (Vaults:3)
  4 ugly things
  A deep troll skeleton (Vaults:4)
  An ogre (Vaults:3)
  A centaur (Vaults:4)
  3 lost souls
  A water moccasin (Swamp:1)
  6 humans (Swamp:4)
  3 green rats (Lair:3)
  An orc (Orc:3)
  17 fungi
41 creatures vanquished.

Grand Total: 2972 creatures vanquished

Notes
Turn   | Place    | Note
--------------------------------------------------------------
     0 | D:1      | Leibowitz, the Kobold Berserker, began the quest for the Orb.
     0 | D:1      | Reached XP level 1. HP: 14/14 MP: 0/0
    92 | D:1      | Reached XP level 2. HP: 13/19 MP: 1/1
   352 | D:1      | Acquired Trog's second power
   361 | D:1      | Reached XP level 3. HP: 10/24 MP: 2/2
  1237 | D:2      | Reached XP level 4. HP: 4/29 MP: 3/3
  1976 | D:3      | Noticed Jessica
  1988 | D:3      | Killed Jessica
  2271 | D:3      | Reached skill level 1 in Stealth
  2289 | D:3      | Reached XP level 5. HP: 21/33 MP: 4/4
  2401 | D:3      | Found an iron altar of Okawaru.
  2468 | D:3      | Noticed inmateoo's ghost (average MiFi)
  2482 | D:3      | Killed inmateoo's ghost
  2532 | D:3      | Reached XP level 6. HP: 37/39 MP: 5/5
  2539 | D:3      | Noticed Ijyb
  2561 | D:3      | Killed Ijyb
  2639 | D:3      | Reached skill level 5 in Dodging
  3103 | D:4      | Reached skill level 5 in Short Blades
  3175 | D:4      | Reached skill level 5 in Fighting
  3175 | D:4      | Reached XP level 7. HP: 34/44 MP: 6/6
  3385 | D:4      | Reached skill level 6 in Dodging
  3806 | D:4      | Noticed Crazy Yiuf
  3815 | D:4      | Killed Crazy Yiuf
  4015 | D:4      | Found a shimmering altar of Xom.
  4278 | D:4      | Acquired Trog's third power
  4289 | D:5      | Entered Level 5 of the Dungeon
  4814 | D:5      | Reached skill level 7 in Dodging
  4814 | D:5      | Reached XP level 8. HP: 40/49 MP: 7/7
  4897 | D:5      | Found a staircase to the Ecumenical Temple.
  4941 | Temple   | Entered the Ecumenical Temple
  5539 | D:5      | Reached skill level 8 in Dodging
  5607 | D:5      | Noticed Sigmund
  5616 | D:5      | Killed Sigmund
  5630 | D:5      | Reached skill level 5 in Stealth
  6123 | D:6      | Reached skill level 9 in Dodging
  6164 | D:6      | Noticed Duskembrace's ghost (experienced HaHu)
  6429 | D:6      | Paralysed by a potion of paralysis for 2 turns
  6500 | D:6      | Killed Duskembrace's ghost
  6500 | D:6      | Reached skill level 1 in Evocations
  6500 | D:6      | Reached XP level 9. HP: 55/55 MP: 7/9
  6604 | D:6      | Reached skill level 10 in Dodging
  6902 | D:6      | HP: 1/55 [worm (2)]
  7316 | D:7      | Noticed Dowan
  7317 | D:7      | Noticed Duvessa
  7326 | D:7      | Found an ancient bone altar of Kikubaaqudgha.
  7332 | D:7      | Killed Dowan
  7344 | D:7      | Killed Duvessa
  7733 | D:7      | Found a viscous altar of Jiyva.
  8057 | D:8      | Reached skill level 11 in Dodging
  8224 | D:8      | Received a gift from Trog
  8326 | D:8      | Noticed Grum
  8345 | D:8      | Killed Grum
  8363 | D:8      | Reached XP level 10. HP: 6/60 MP: 11/11
  8773 | D:8      | Found a blossoming altar of Fedhas.
  8773 | D:8      | Noticed a deep elf priest
  8785 | D:8      | Killed a deep elf priest
  8931 | D:8      | Noticed Bloax's ghost (experienced GrBe)
  8962 | D:8      | Killed Bloax's ghost
  8962 | D:8      | Reached skill level 12 in Dodging
  9870 | D:9      | Found a staircase to the Lair.
  9933 | Lair:1   | Entered Level 1 of the Lair of Beasts
  9933 | Lair:1   | Noticed a five-headed hydra
  9954 | Lair:1   | Killed a five-headed hydra
  9954 | Lair:1   | Reached skill level 13 in Dodging
 10179 | Lair:1   | Noticed a spiny frog
 10201 | Lair:1   | Killed a spiny frog
 10442 | Lair:1   | Reached XP level 11. HP: 30/66 MP: 14/14
 10790 | Lair:1   | Found a snail-covered altar of Cheibriados.
 11853 | Lair:2   | Found a deep blue altar of Sif Muna.
 11853 | Lair:2   | Noticed an oklob plant
 11873 | Lair:2   | Killed an oklob plant
 12015 | Lair:2   | Reached skill level 14 in Dodging
 13691 | Lair:3   | Got a distressingly furry leather armour
 13699 | Lair:3   | Identified the cursed +2 leather armour of Day {+Fly Dam+2} (You found it on level 3 of the Lair of Beasts)
 13760 | Lair:3   | Noticed a lindwurm
 13762 | Lair:3   | Noticed a lindwurm
 13762 | Lair:3   | Noticed a lindwurm
 13763 | Lair:3   | Noticed a lindwurm
 14326 | Lair:3   | Noticed a four-headed hydra
 14343 | Lair:3   | Killed a four-headed hydra
 14343 | Lair:3   | Reached skill level 15 in Dodging
 14343 | Lair:3   | Reached skill level 10 in Stealth
 14470 | Lair:3   | Noticed a five-headed hydra
 14478 | Lair:3   | Killed a five-headed hydra
 14510 | Lair:3   | Reached XP level 12. HP: 72/72 MP: 17/17
 15028 | Lair:4   | Noticed Maud
 15069 | Lair:4   | Killed Maud
 16358 | Lair:4   | Found a hole to the Spider Nest.
 16567 | Lair:4   | Noticed an eight-headed hydra
 16580 | Lair:4   | Killed an eight-headed hydra
 16580 | Lair:4   | Reached skill level 16 in Dodging
 17250 | Lair:5   | Found a staircase to the Swamp.
 17290 | Lair:5   | Gained mutation: You are dopey. (Int -2) [potion of mutation]
 17290 | Lair:5   | Gained mutation: You are surrounded by a mild repulsion field (EV +2). [potion of mutation]
 17290 | Lair:5   | Gained mutation: You have a pair of small horns on your head. [potion of mutation]
 17538 | Lair:5   | Reached skill level 10 in Short Blades
 17909 | Lair:5   | Received a gift from Trog
 18216 | Lair:6   | Reached XP level 13. HP: 78/78 MP: 6/18
 18318 | Lair:6   | HP: 2/78 [black mamba (10)]
 18523 | Lair:6   | Got a flickering granite ring
 18524 | Lair:6   | Identified the ring of Secrets {Wiz -Tele rF+ Int+2} (You found it on level 6 of the Lair of Beasts)
 18960 | Lair:7   | Reached skill level 17 in Dodging
 20167 | Lair:8   | Entered Level 8 of the Lair of Beasts
 20209 | Lair:8   | Received a gift from Trog
 20383 | Lair:8   | Found a staircase to the Slime Pits.
 20870 | Lair:8   | Reached skill level 10 in Fighting
 20900 | Lair:8   | Noticed a spriggan rider
 20912 | Lair:8   | Killed a spriggan
 20912 | Lair:8   | Reached XP level 14. HP: 20/85 MP: 6/20
 20914 | Lair:8   | Killed a giant firefly
 21323 | Lair:8   | Reached skill level 18 in Dodging
 21737 | Lair:8   | Received a gift from Trog
 22290 | D:9      | Found a staircase to the Orcish Mines.
 22810 | Orc:1    | Entered Level 1 of the Orcish Mines
 22917 | Orc:1    | Found Frelarph's Weapon Shop.
 23300 | Orc:1    | Found Blaphism's Antique Weapon Boutique.
 23354 | Orc:1    | Found Vodoi's Jewellery Shop.
 23856 | Orc:2    | Received a gift from Trog
 24087 | Orc:3    | Reached skill level 15 in Stealth
 24542 | Orc:2    | Received a gift from Trog
 24604 | Orc:2    | Noticed Eustachio
 24615 | Orc:2    | Killed Eustachio
 24918 | D:10     | Entered Level 10 of the Dungeon
 25263 | D:10     | Found a shattered altar of Ashenzari.
 25265 | D:10     | Found a portal to a secret trove of treasure.
 25552 | D:11     | Received a gift from Trog
 25555 | D:11     | Got an ichor-stained dagger {god gift}
 25556 | D:11     | Identified the dagger of Giuniori {god gift, holy, Noisy rElec Str+1 SInv} (Trog gifted it to you on level 11 of the Dungeon)
 25595 | D:11     | Noticed Psyche
 25599 | D:11     | Killed Psyche
 25921 | D:11     | Noticed Harold
 25927 | D:11     | Killed Harold
 26230 | D:12     | Found a bloodstained altar of Trog.
 26603 | D:12     | Found a frozen archway.
 26673 | IceCv    | Entered an ice cave
 27026 | IceCv    | Received a gift from Trog
 27034 | IceCv    | Gained mutation: Your muscles are strong. (Str +2) [potion of beneficial mutation]
 27053 | IceCv    | Gained mutation: You have a pair of horns on your head. [potion of beneficial mutation]
 27312 | IceCv    | Reached skill level 1 in Unarmed Combat
 27348 | IceCv    | Noticed a frost giant
 27360 | IceCv    | Killed a frost giant
 27360 | IceCv    | Reached XP level 15. HP: 92/92 MP: 7/21
 28314 | D:13     | Noticed Erica
 28330 | D:13     | Killed Erica
 28675 | D:14     | Entered Level 14 of the Dungeon
 28901 | D:14     | Reached skill level 19 in Dodging
 28910 | D:14     | Received a gift from Trog
 28980 | D:14     | Found a blossoming altar of Fedhas.
 30220 | Orc:3    | Reached skill level 1 in Shields
 30411 | Orc:3    | Found a roughly hewn altar of Beogh.
 30420 | Orc:3    | Received a gift from Trog
 30626 | Orc:4    | Entered Level 4 of the Orcish Mines
 30698 | Orc:4    | Noticed Joseph
 30717 | Orc:4    | Killed Joseph
 30771 | Orc:4    | Found a bloodstained altar of Trog.
 31275 | Orc:4    | Found a staircase to the Elven Halls.
 31301 | Elf:1    | Entered Level 1 of the Elven Halls
 31330 | Elf:1    | Received a gift from Trog
 33186 | Elf:2    | Received a gift from Trog
 33197 | Elf:2    | Reached XP level 16. HP: 90/99 MP: 7/22
 33691 | Elf:3    | Entered Level 3 of the Elven Halls
 33742 | Elf:3    | Got a crude scale mail
 33743 | Elf:3    | Identified the cursed -1 scale mail of Typomu {rF++ Int-2} (You found it on level 3 of the Elven Halls)
 34783 | Elf:3    | Noticed Snorg
 34794 | Elf:3    | Killed Snorg
 35363 | Swamp:1  | Entered Level 1 of the Swamp
 35473 | Swamp:1  | Received a gift from Trog
 35476 | Swamp:1  | Got a bone hand axe {god gift}
 35477 | Swamp:1  | Identified the hand axe "Feffubeloi" {god gift, chop, rF++} (Trog gifted it to you on level 1 of the Swamp)
 35758 | Swamp:1  | Identified Sif Muna's Compendium of Fallacy (You found it on level 1 of the Swamp)
 36042 | Swamp:1  | Noticed Fannar
 36059 | Swamp:1  | Killed Fannar
 36486 | Swamp:2  | Reached skill level 20 in Dodging
 36624 | Swamp:2  | Lost intelligence.
 36675 | Swamp:2  | Received a gift from Trog
 37349 | Swamp:3  | Reached XP level 17. HP: 80/105 MP: 7/23
 37756 | Swamp:3  | Noticed Louise
 37781 | Swamp:3  | Killed Louise
 38493 | Swamp:4  | Received a gift from Trog
 38824 | Lair:3   | Killed a lindwurm
 38833 | Lair:3   | Killed a lindwurm
 38843 | Lair:3   | Killed a lindwurm
 38853 | Lair:3   | Killed a lindwurm
 39545 | D:3      | Fell from the grace of Trog
 39545 | D:3      | Became a worshipper of Warmaster Okawaru
 40318 | D:14     | Got a dazzling sabre
 40319 | D:14     | Identified the sabre of Ruination {drain, rC+ SInv} (You found it on level 14 of the Dungeon)
 40369 | D:15     | Entered Level 15 of the Dungeon
 40597 | D:15     | Noticed Nikola
 40599 | D:15     | Acquired Okawaru's first power
 40627 | D:15     | Killed Nikola
 40816 | D:15     | Reached skill level 5 in Shields
 41143 | D:15     | Found an ancient bone altar of Kikubaaqudgha.
 43247 | D:17     | Reached XP level 18. HP: 104/112 MP: 8/24
 43282 | D:17     | Found a staircase to the Vaults.
 43288 | D:17     | Reached skill level 15 in Short Blades
 43296 | D:17     | Reached skill level 21 in Dodging
 43349 | D:17     | Noticed Wiglaf
 43356 | D:17     | Killed Wiglaf
 44430 | D:18     | Acquired Okawaru's second power
 45855 | Vaults:1 | Entered Level 1 of the Vaults
 46058 | Vaults:1 | Noticed Rupert
 46065 | Vaults:1 | Killed Rupert
 46239 | Vaults:1 | Received a gift from Okawaru
 46654 | Vaults:1 | Identified a scroll of acquirement
 46655 | Vaults:1 | Got a fine steel ring
 46656 | Vaults:1 | Identified the ring of Kasaullo {rF+ SInv} (You acquired it on level 1 of the Vaults)
 46825 | Vaults:1 | Noticed Jorgrun
 46830 | Vaults:1 | Killed Jorgrun
 47448 | Vaults:1 | Reached XP level 19. HP: 119/119 MP: 8/25
 47714 | Vaults:2 | Noticed 4tharraofdagon's ghost (mighty GrBe)
 47759 | Vaults:2 | Killed 4tharraofdagon's ghost
 47882 | Vaults:2 | Found Iziul's Gadget Shop.
 48248 | Vaults:2 | Lost intelligence.
 48824 | Vaults:2 | Received a gift from Okawaru
 49122 | Vaults:2 | Reached skill level 22 in Dodging
 50276 | Trove    | Entered a treasure trove
 50281 | Trove    | Got a crude amethyst amulet
 50339 | Trove    | Got a smoking granite ring
 50358 | Trove    | Got a twitching steel ring
 50360 | Trove    | Got a shimmering jade amulet
 50362 | Trove    | Got a sparkling ivory amulet
 50365 | Trove    | Identified the amulet of Beixt {Ward rF+} (You found it in a treasure trove)
 50436 | D:10     | Identified the ring "Faidaz" {Fire Stlth--} (You found it in a treasure trove)
 50438 | D:10     | Identified the amulet "Aritwa" {rMut rElec rPois Int+2} (You found it in a treasure trove)
 50439 | D:10     | Identified the ring "Plail" {Str+2 Int+4 SInv} (You found it in a treasure trove)
 50440 | D:10     | Identified the amulet of Existentialism {rCorr Dex+2 Int+3} (You found it in a treasure trove)
 50693 | Swamp:4  | Noticed Kirke
 50707 | Swamp:4  | Killed Kirke
 51316 | Swamp:4  | Upgraded the game from 0.13.0-11-g0187522 to 0.13.0-13-g27bfa31
 51626 | Swamp:4  | Received a gift from Okawaru
 51630 | Swamp:4  | Got a bloodstained dagger {god gift}
 51631 | Swamp:4  | Identified the dagger of Trebunav {god gift, freeze, +Blink MR++ SInv} (Okawaru gifted it to you on level 4 of the Swamp)
 52149 | Swamp:5  | Entered Level 5 of the Swamp
 52547 | Swamp:5  | Got a decaying rune of Zot
 52720 | Swamp:5  | Reached XP level 20. HP: 123/127 MP: 8/25
 53106 | Spider:1 | Entered Level 1 of the Spider Nest
 53704 | Spider:1 | Noticed Nergalle
 53718 | Spider:1 | Killed Nergalle
 53833 | Spider:1 | Noticed Sonja
 53839 | Spider:1 | Killed Sonja
 54159 | Spider:2 | Noticed Frances
 54207 | Spider:2 | Killed Frances
 55117 | Spider:3 | Received a gift from Okawaru
 55123 | Spider:3 | Reached skill level 23 in Dodging
 56029 | Spider:5 | Entered Level 5 of the Spider Nest
 56031 | Spider:5 | Reached skill level 15 in Fighting
 56561 | Spider:5 | Noticed Aizul
 56599 | Spider:5 | Killed Aizul
 58434 | Vaults:2 | Identified the Reference Book on the Mountains and Transformation
 58613 | Vaults:3 | Received a gift from Okawaru
 58831 | Vaults:3 | Noticed Agnes
 58834 | Vaults:3 | Killed Agnes
 58905 | Vaults:3 | Reached XP level 21. HP: 134/134 MP: 8/26
 59424 | Vaults:3 | Found a staircase to the Hall of Blades.
 59530 | Vaults:3 | Found a staircase to the Crypt.
 59844 | Vaults:3 | Reached skill level 1 in Invocations
 60312 | Vaults:3 | Received a gift from Okawaru
 60312 | Vaults:3 | Reached skill level 24 in Dodging
 60390 | Vaults:3 | Got a crude dagger {god gift}
 60391 | Vaults:3 | Identified the dagger "Demon's Death Toll" {god gift, freeze, +Rage +Inv +Fly rF+ MR+ Str+1 Int+2} (Okawaru gifted it to you on level 3 of the Vaults)
 60877 | Blade    | Entered the Hall of Blades
 60947 | Crypt:1  | Entered Level 1 of the Crypt
 62003 | Vaults:4 | Noticed Saint Roka
 62019 | Vaults:4 | Killed Saint Roka
 62080 | Vaults:4 | Noticed Frederick
 62105 | Vaults:4 | Killed Frederick
 62468 | Vaults:4 | Reached XP level 22. HP: 120/142 MP: 9/27
 62480 | Vaults:4 | Received a gift from Okawaru
 64335 | Vaults:4 | Noticed Margery
 64368 | Vaults:4 | Killed Margery
 64602 | Vaults:5 | Entered Level 5 of the Vaults
 65658 | D:20     | Entered Level 20 of the Dungeon
 65658 | D:20     | Found Klilegam's Armour Boutique.
 65677 | D:20     | Found Acasaenu's Gadget Shoppe.
 66045 | D:20     | Found Esmaufit's Jewellery Boutique.
 66094 | D:20     | Found Ginaoc's Weapon Shop.
 66138 | D:20     | Noticed Sojobo
 66162 | D:20     | Killed Sojobo
 66162 | D:20     | Received a gift from Okawaru
 66186 | D:20     | Got a slimy robe {god gift}
 66194 | D:20     | Identified the +0 robe of Magic {rPois rF+ rN+ Acc-1 Curse} (Okawaru gifted it to you on level 20 of the Dungeon)
 66252 | D:21     | Found Neoh Jal's Jewellery Shoppe.
 66252 | D:21     | Found a gateway to Hell.
 66305 | D:21     | Bought the ring "Bicuth" {rPois Dex+1 Acc+4} for 396 gold pieces
 66387 | D:21     | Gained mutation: You are somewhat resistant to further mutation. [potion of beneficial mutation]
 67083 | D:21     | Noticed Mennas
 67094 | D:21     | Killed Mennas
 67133 | D:21     | Identified Sif Muna's Disquisition on the Traveller and Stones (You found it on level 21 of the Dungeon)
 67167 | D:21     | Reached skill level 25 in Dodging
 67168 | D:21     | Found a one-way gate leading to the halls of Pandemonium.
 67468 | D:21     | Reached XP level 23. HP: 149/149 MP: 9/27
 67550 | Hell     | Entered the Vestibule of Hell
 67550 | Hell     | Noticed Geryon
 67566 | Hell     | Killed Geryon
 67967 | D:21     | Got a dazzling helmet
 68037 | D:21     | Identified the +1 helmet of the Eternal Fruit {rElec} (You found it on level 21 of the Dungeon)
 68087 | D:21     | Noticed an ancient lich
 68115 | D:21     | Received a gift from Okawaru
 68126 | D:21     | Killed an ancient lich
 68453 | D:22     | Found a one-way gate to the infinite horrors of the Abyss.
 68453 | D:22     | Found Umucraq's Food Boutique.
 68453 | D:22     | Noticed Boris
 68495 | D:22     | Killed Boris
 70062 | D:23     | Received a gift from Okawaru
 71011 | D:23     | Received a gift from Okawaru
 71038 | D:23     | Reached XP level 24. HP: 122/157 MP: 9/28
 72137 | D:25     | Entered Level 25 of the Dungeon
 72627 | D:25     | Reached skill level 26 in Dodging
 73150 | D:26     | Noticed Boris
 73201 | D:26     | Killed Boris
 73342 | D:26     | Received a gift from Okawaru
 73349 | D:26     | Got a polished falchion {god gift}
 73350 | D:26     | Identified the falchion of Fortitude {god gift, freeze, +Blink Str-3} (Okawaru gifted it to you on level 26 of the Dungeon)
 73505 | D:26     | Reached skill level 10 in Shields
 74180 | D:26     | Found a deep blue altar of Sif Muna.
 75135 | D:26     | Received a gift from Okawaru
 75140 | D:26     | Got a brightly glowing sabre {god gift}
 75141 | D:26     | Identified the sabre of Dishonour {god gift, venom, rElec rF+ rC+} (Okawaru gifted it to you on level 26 of the Dungeon)
 75454 | D:27     | Entered Level 27 of the Dungeon
 76478 | Spider:5 | Reached XP level 25. HP: 158/164 MP: 0/29
 76600 | Spider:5 | Got a gossamer rune of Zot
 76906 | Spider:5 | Received a gift from Okawaru
 77911 | Elf:3    | Noticed a deep elf master archer
 78026 | Elf:3    | Killed a deep elf master archer
 78620 | Elf:3    | Noticed a deep elf master archer
 78631 | Elf:3    | Noticed a deep elf blademaster
 78635 | Elf:3    | Killed a deep elf master archer
 78645 | Elf:3    | Reached skill level 5 in Armour
 78674 | Elf:3    | Killed a deep elf blademaster
 78904 | Elf:3    | Reached skill level 27 in Dodging
 79109 | Elf:3    | Got a vibrating steel amulet
 79110 | Elf:3    | Identified the amulet of Amicka {Stasis rF- MR+ Str-4} (You found it on level 3 of the Elven Halls)
 79132 | Elf:3    | Identified the Compendium of Sinister Rites and Ice (You found it on level 3 of the Elven Halls)
 79222 | Elf:3    | Identified the Reference Book on Moulding and the Compass
 80788 | Vaults:5 | Received a gift from Okawaru
 80850 | Vaults:5 | Got an ichor-stained demon blade
 80852 | Vaults:5 | Identified the cursed demon blade "Umizixuc" {vamp, -Tele} (You took it off a yaktaur on level 5 of the Vaults)
 81284 | Vaults:5 | Reached XP level 26. HP: 151/173 MP: 9/29
 82020 | Vaults:5 | Identified Schigiuh's Compendium of Augmentations and Moulding
 82095 | Vaults:5 | Gained mutation: You are partially covered in thin metallic scales (AC +2). [potion of beneficial mutation]
 82410 | Vaults:5 | Noticed a golden dragon
 82515 | Vaults:5 | Killed a golden dragon
 82631 | Vaults:5 | Noticed a golden dragon
 82636 | Vaults:5 | Killed a golden dragon
 82662 | Vaults:5 | Got a shimmering jade ring
 82663 | Vaults:5 | Identified the ring "Umodov" {MR Dex+2 Int-5} (You took it off a vault sentinel on level 5 of the Vaults)
 82939 | Vaults:5 | Received a gift from Okawaru
 82976 | Vaults:5 | Got a pitted short sword {god gift}
 83035 | Vaults:5 | Identified the short sword of Detwybb {god gift, slice, +Inv Dex+4} (Okawaru gifted it to you on level 5 of the Vaults)
 83129 | Vaults:5 | Got a silver rune of Zot
 85187 | Crypt:2  | Found a staircase to the Tomb.
 85251 | Tomb:1   | Entered Level 1 of the Tomb of the Ancients
 85341 | Crypt:2  | Received a gift from Okawaru
 85701 | Crypt:2  | Reached XP level 27. HP: 174/174 MP: 30/30
 86802 | Crypt:2  | Was forgiven by Trog
 87468 | Crypt:3  | HP: 6/166 [cloud of foul pestilence (4)]
 87469 | Crypt:3  | Engulfed by a cloud of foul pestilence

Action                   |  1- 3 |  4- 6 |  7- 9 | 10-12 | 13-15 | 16-18 | 19-21 | 22-24 | 25-27 || total
-------------------------+-------+-------+-------+-------+-------+-------+-------+-------+-------++-------
Melee: Short sword       |   144 |   181 |   106 |       |       |       |       |       |       ||   431
       Dagger            |       |       |   798 |  1351 |     5 |       |    50 |   102 |       ||  2306
       Sabre             |       |       |       |    20 |   791 |       |       |   119 |   173 ||  1103
       Quick blade       |       |       |       |       |   953 |  2300 |  2649 |  2414 |  2176 || 10492
Throw: Dagger            |     2 |     1 |     2 |     7 |     2 |       |     1 |       |     4 ||    19
Invok: Berserk           |       |     2 |     9 |     9 |     3 |       |       |       |       ||    23
       Brothers in Arms  |       |       |     3 |     2 |     8 |       |       |       |       ||    13
       Trog's Hand       |       |       |     2 |     1 |     2 |       |       |       |       ||     5
       Burn Spellbooks   |       |       |       |     1 |     1 |       |       |       |       ||     2
       Heroism           |       |       |       |       |       |       |    13 |    11 |    13 ||    37
 Abil: Evoke Flight      |       |       |       |     1 |     7 |     3 |     5 |       |       ||    16
       Evoke Invisibilit |       |       |       |       |       |       |     4 |     7 |       ||    11
Evoke: Wand              |       |     3 |    13 |    35 |    13 |     8 |     1 |     2 |       ||    75
  Use: Potion            |       |     1 |     7 |     8 |     8 |     1 |    10 |     5 |    19 ||    59
       Scroll            |       |       |       |    16 |    10 |    14 |    23 |    10 |    10 ||    83
 Stab: Sleeping          |     1 |     4 |    10 |    37 |   112 |   100 |   105 |   104 |    51 ||   524
       Distracted        |       |       |       |     2 |     4 |    16 |     6 |    16 |    18 ||    62
       Paralysed         |       |       |       |     2 |       |       |       |       |       ||     2
       Fleeing           |       |       |       |       |     3 |     2 |     6 |     3 |     2 ||    16
       Invisible         |       |       |       |       |       |    11 |    24 |    18 |       ||    53
       Confused          |       |       |       |       |       |       |     1 |       |       ||     1
